Unix NetHack Version 3.7.0-59 Work-in-progress - last build Jun 2 2022 03:59:05 (05420cef104f2102be295c3e72b2481733d3ab8f,branch:master). Game began 2022-06-03 22:33:24, ended 2022-06-04 01:46:42. Muad, neutral female human Tourist ----- ------ |...| |....| |.`.----/u`.| |..`.../..`.| |.`---o---..| ---.---------| |.....|<^^^..| |....`|----..| |...`.| |^-- |...`.-----^| |..`.`^^^^..| ----------..| ---- Muad the Sightseer St:11 Dx:13 Co:12 In:15 Wi:8 Ch:18 Neutral Dlvl:6 $:462 HP:0(39) Pw:17(17) AC:5 Xp:5/162 T:2509 Latest messages: This lichen corpse tastes okay. You finish eating the lichen corpse. Your movements are now unencumbered. The pony drops an orange gem. The bugbear wakes up! The bugbear wakes up! The hobgoblin wakes up! The hobgoblin wakes up! You swap places with your pony. The hobgoblin wakes up! The hobgoblin hurls a ruby potion! It is missed. The bottle crashes on your head and breaks into shards. The ruby potion evaporates. Something seems to be holding you. The hobgoblin wakes up! You can move again. You kill the giant rat! You hear some noises. You find a pit. You climb up the stairs. You see here a tripe ration. Q - a tripe ration. You swap places with your pony. You swap places with your pony. With great effort you move the boulder. You swap places with your pony. With great effort you move the boulder. You hear a distant zap. The bolt of cold hits you! Both of your potions called obj det? freeze and shatter! You drop a scroll labeled ASHPD SODALG. You drop a scroll labeled JUYED AWK YACC. You drop a scroll labeled KIRJE. You drop a scroll labeled LEP GEX VEN ZEA. You drop a scroll labeled READ ME. You drop 4 unlabeled scrolls. You drop 4 scrolls called id. You drop a scroll called P II. You drop a blessed scroll of magic mapping. You drop 3 uncursed scrolls of magic mapping. You drop a milky potion. What do you want to use or apply? [bflmy or ?*] ? In what direction? 1 The hobgoblin is blinded by the flash! The hobgoblin turns to flee. The hobgoblin zaps a forked wand! The bolt of cold hits you! You die... Do you want your possessions identified? [ynq] (y) q Major events: Turn 1: Muad the neutral female human Tourist entered the dungeon 1076: entered the Gnomish Mines 1327: attained the rank of Sightseer (level 3) 2472: entered Sokoban 2509: killed by a bolt of cold Inventory: Coins $ - 462 gold pieces Weapons a - 25 blessed +2 darts (at the ready) s - 3 +0 daggers named hp:1375 (wielded) Armor B - an uncursed +0 pair of water walking boots (being worn) T - an uncursed +0 Hawaiian shirt with a water nymph motif (being worn) A - an uncursed rusty +0 chain mail (being worn) Comestibles c - an uncursed respect woman C - an uncursed carrot g - 2 uncursed fortune cookies J - an uncursed fortune cookie K - an uncursed lembas wafer q - an uncursed pancake e - an uncursed tripe ration Q - an uncursed tripe ration r - an uncursed egg k - a cursed egg Rings D - an uncursed ring of searching Tools b - an uncursed blindfold m - an uncursed credit card y - an expensive camera (0:46) f - an uncursed magic whistle l - an uncursed oil lamp Gems/Stones M - an uncursed worthless piece of blue glass Muad the Tourist's attributes: Background: You were a Sightseer, a level 5 female human Tourist. You were neutral, on a mission for The Lady who was opposed by Blind Io (lawful) and Offler (chaotic). You were in Sokoban, on level 6. You entered the dungeon 2509 turns ago. It was nighttime. You had 162 experience points, 158 more were needed to attain level 6. Basics: You had 0 out of 39 hit points. You had all 17 energy points (spell power). Your armor class was 5. Your wallet contained 462 zorkmids. Autopickup was on for '$0' plus thrown. Final Characteristics: Your strength was 11 (limit:18/100). Your dexterity was 13 (limit:18). Your constitution was 12 (limit:18). Your intelligence was 15 (limit:18). Your wisdom was 8 (limit:18). Your charisma was 18 (limit:18). Final Status: You were not hungry. You were unencumbered. You were wielding daggers. You had basic skill with dagger. Final Attributes: You were piously aligned. You were telepathic. You could walk on water. You were warded. You are dead. Miscellaneous: You never encountered a bones level. Total elapsed playing time was 1 hour, 4 minutes and 27 seconds. Vanquished creatures: a water nymph a rock mole a fog cloud a kobold mummy a gray ooze a straw golem a paper golem a giant ant 2 floating eyes a dwarf a kobold shaman 2 coyotes 3 hobbits a large kobold 2 hobgoblins 2 giant rats 2 cave spiders a garter snake 4 geckos 6 jackals a kobold a goblin 2 sewer rats 3 grid bugs 7 lichens a kobold zombie 5 newts 55 creatures vanquished. No species were genocided or became extinct. Voluntary challenges: You read items or engraved 1 time. You never engraved Elbereth. You never genocided any monsters. You never polymorphed an object. You never changed form. You used no wishes. You did not violate any of the special Sokoban rules. Achievements: You entered a shop. You entered the Gnomish Mines. You attained the rank of Sightseer. You entered Sokoban. The Dungeons of Doom: levels 1 to 7 Level 1: Some fountains. Level 2: "food rat" A fountain. Level 3: "2 food rats" A general store. Stairs down to The Gnomish Mines. Level 4: "3 pots" Some fountains. Level 5: A fountain. Level 6: Many fountains. Oracle of Delphi. Level 7: Stairs up to Sokoban, level 6. The Gnomish Mines: Level 4: Sokoban: Level 6: <- You were here. Unsolved. Final resting place for you, killed by a bolt of cold. Game over: ---------- / \ / REST \ / IN \ / PEACE \ / \ | Muad | | 462 Au | | killed by a bolt | | of cold | | | | | | 2022 | *| * * * | * _________)/\\_//(\/(/\)/\//\/|_)_______ Aloha Muad the Tourist... You died in Sokoban on dungeon level 6 with 989 points, and 462 pieces of gold, after 2509 moves. You were level 5 with a maximum of 39 hit points when you died.